 Dungeon Crawl Stone Soup version 0.30.0-15-g856e2d3f33 (webtiles) character file.

Game seed: 18414565433657808099

445 pablito the Trooper (level 7, -4/75 HPs)
             Began as an Ogre Cinder Acolyte on May 7, 2023.
             Was a Priest of Ignis.
             Slain by Duvessa
             ... wielding a +0 short sword
              (9 damage)
             ... on level 5 of the Dungeon on May 18, 2023.
             The game lasted 00:18:46 (4044 turns).

pablito the Trooper (Ogre Cinder Acolyte)           Turns: 4044, Time: 00:18:47

Health: -4/75      AC:  3    Str: 22    XL:     7   Next: 3%
Magic:  12/12      EV: 14    Int: 17    God:    Ignis [***...]
Gold:   174        SH:  0    Dex: 10    Spells: 8/13 levels left

rFire   + . .        a - -1 spear (flame)
rCold   + . .        (no shield)
rNeg    . . .        q - +0 robe of Sullug {Fly rPois rC+ Str+3}
rPois   +            (helmet restricted)
rElec   .            g - scarf {+Inv}
rCorr   .            (gloves unavailable)
SInv    .            (boots unavailable)
Will    .....        (no amulet)
Stlth   +            e - +6 ring of dexterity
HPRegen 0.32/turn    n - +5 ring of evasion
MPRegen 0.13/turn

%: no passive effects
@: flying
A: large, unfitting armour, tough skin 1
a: Renounce Religion, Evoke Invisibility, Fiery Armour, Foxfire Swarm


You were on level 5 of the Dungeon.
You worshipped Ignis.
Ignis was most pleased with you.
You visited 1 branch of the dungeon, and saw 5 of its levels.

You collected 174 gold pieces.

Inventory:

Hand Weapons
 a - a -1 spear of flaming (weapon)
 k - a +3 quarterstaff of chaos
 l - a +1 hammer of protection
 t - a +1 whip of holy wrath
 w - a +1 short sword of protection
Missiles
 r - 2 curare-tipped darts (quivered)
Armour
 b - a +0 robe
 g - a scarf of invisibility (worn)
 p - a +0 chain mail
 q - the +0 robe of Sullug (worn) {Fly rPois rC+ Str+3}
   (You found it on level 3 of the Dungeon)

   Str:       It affects your strength (+3).
   rC:        It protects you from cold.
   rPois:     It protects you from poison.
   Fly:       It grants you flight.
Jewellery
 e - a +6 ring of dexterity (left hand)
 n - a +5 ring of evasion (right hand)
Scrolls
 c - a scroll of torment {unknown}
 d - a scroll of butterflies {unknown}
 i - a scroll of fog {unknown}
 j - a scroll of immolation
 s - a scroll of amnesia {unknown}
 v - a scroll of identify {unknown}
Potions
 f - 5 potions of curing
 h - 2 potions of heal wounds {unknown}
 m - a potion of degeneration {unknown}
 o - 2 potions of lignification {unknown}
 u - a potion of attraction {unknown}


   Skills:
 + Level 6.1 Fighting
 + Level 4.6 Polearms
 + Level 3.8 Spellcasting
 + Level 4.1 Fire Magic


You had 8 spell levels left.
You knew the following spells:

 Your Spells              Type           Power      Damage    Failure   Level
a - Scorch                Fire           34%        2d6       4%          2
b - Volatile Blastmotes   Fire/Tloc      20%        2d11      21%         3

Your spell library contained the following spells:

 Spells                   Type           Power      Damage    Failure   Level
 Dazzling Flash           Conj/Hex       6%         N/A       43%         3
 Frozen Ramparts          Ice            6%         1d1       43%         3
 Summon Guardian Golem    Hex/Summ       3%         N/A       43%         3
 Tukima's Dance           Hex            3%         N/A       43%         3
 Ice Form                 Ice/Tmut       3%         N/A       85%         4
 Iskenderun's Mystic Bla  Conj/Tloc      3%         2d3       85%         4
 Passage of Golubria      Tloc           3%         N/A       85%         4
 Summon Ice Beast         Ice/Summ       3%         N/A       85%         4
 Yara's Violent Unravell  Hex/Tmut       1%         3d3       99%         5
 Starburst                Conj/Fire      5%         6d4       100%        6
 Orb of Destruction       Conj           1%         9d5       100%        7
 Spellforged Servitor     Conj/Summ      1%         N/A       100%        7


Dungeon Overview and Level Annotations

Branches:
Dungeon (5/15)
 Temple: D:4-7

Altars:
Uskayaw
Wu Jian

Shops:
D:4 [[

Annotations:
D:5 Duvessa, Menkaure


Innate Abilities, Weirdness & Mutations

You are too large for most types of armour.
You have tough skin. (AC +1)


Message History

The foxfire hits Duvessa.
Duvessa is moderately wounded.
The foxfire hits Duvessa but does no damage.
Duvessa is moderately wounded.
The foxfire hits Menkaure!
Menkaure is burned terribly!
Menkaure is heavily damaged.
The foxfire hits Menkaure but does no damage.
Menkaure is heavily damaged.
The foxfire hits Duvessa.
Duvessa is heavily wounded.
The foxfire hits Duvessa.
Duvessa is heavily wounded.
The foxfire hits Duvessa.
Duvessa is heavily wounded.
The foxfire hits Duvessa but does no damage.
Duvessa is heavily wounded.
The foxfire hits Duvessa but does no damage.
Duvessa is heavily wounded.
The foxfire hits Menkaure.
Menkaure is burned terribly!
Menkaure is severely damaged.
The foxfire hits Duvessa but does no damage.
Duvessa is heavily wounded.
Duvessa hits you with a +0 short sword!!
* * * LOW HITPOINT WARNING * * *
The foxfire hits Duvessa but does no damage.
Duvessa is heavily wounded.
Unknown command.
It was a potion of curing.
You feel better.
The foxfire hits Menkaure.
Menkaure is burned terribly!
Menkaure is almost destroyed.
The foxfire hits Duvessa but does no damage.
Duvessa is heavily wounded.
The foxfire hits Duvessa but does no damage.
Duvessa is heavily wounded.
The foxfire hits Duvessa.
Duvessa is heavily wounded.
Duvessa hits you with a +0 short sword!
* * * LOW HITPOINT WARNING * * *
Duvessa hits you with a +0 short sword!
You die...

#.## #.##
##..##
###....##
#.......##
#.........#
#......§§§§##
.......§§§§§§##
..........@.§.#
.........Me.§.#
...........§..#
..............#
.............#
..............#
..............#
............###


You could see Duvessa (berserk) and Menkaure.

Vanquished Creatures
  An ogre (D:4)
  Dowan (D:5)
  Crazy Yiuf (D:2)
  An orc priest (D:4)
  A sleepcap (D:4)
  Jessica (D:2)
  2 orc wizards (D:4)
  3 gnolls (D:3)
  5 adders
  8 orcs
  5 bats
  7 endoplasms
  4 giant cockroaches
  8 goblins
  7 hobgoblins
  8 kobolds
  3 quokkas
  5 ball pythons
  4 frilled lizards
  4 rats
79 creatures vanquished.

Vanquished Creatures (others)
  56 foxfires
56 creatures vanquished.

Grand Total: 135 creatures vanquished

Notes
Turn   | Place    | Note
-------+----------+-------------------------------------------
     0 | D:1      | pablito the Ogre Cinder Acolyte began the quest for the
                  | Orb.
     0 | D:1      | Reached XP level 1. HP: 24/24 MP: 2/2
    29 | D:1      | Upgraded the game from 0.30.0 to 0.30.0-5-g1a98f26d00
   150 | D:1      | Reached XP level 2. HP: 32/32 MP: 4/4
   484 | D:1      | Reached XP level 3. HP: 40/40 MP: 5/5
   967 | D:2      | Learned a level 2 spell: Scorch
  1125 | D:2      | Noticed Jessica
  1133 | D:2      | Killed Jessica
  1139 | D:2      | Reached XP level 4. HP: 34/49 MP: 5/7
  1465 | D:2      | Found a runed translucent door.
  1466 | D:2      | Noticed Crazy Yiuf
  1472 | D:2      | Killed Crazy Yiuf
  1752 | D:2      | Reached skill level 5 in Fighting
  2157 | D:3      | Reached XP level 5. HP: 49/57 MP: 8/8
  2789 | D:3      | Identified the +0 robe of Sullug {Fly rPois rC+ Str+3}
  3089 | D:4      | Noticed an ogre
  3093 | D:4      | Killed an ogre
  3094 | D:4      | Reached XP level 6. HP: 66/66 MP: 9/11
  3308 | D:4      | Learned a level 3 spell: Volatile Blastmotes
  3339 | D:4      | Found an ornate altar of the Wu Jian Council.
  3518 | D:4      | Reached skill level 6 in Fighting
  3526 | D:4      | Upgraded the game from 0.30.0-5-g1a98f26d00 to
                  | 0.30.0-15-g856e2d3f33
  3609 | D:4      | Noticed a +0 falchion
  3610 | D:4      | Noticed a +0 dagger
  3611 | D:4      | Noticed a +0 dagger
  3611 | D:4      | Noticed a +0 falchion
  3611 | D:4      | Noticed a +0 short sword
  3612 | D:4      | Noticed a +0 spear
  3612 | D:4      | Noticed a +0 spear
  3613 | D:4      | Noticed a +0 short sword
  3621 | D:4      | Found a hide-covered altar of Uskayaw.
  3848 | D:4      | Found Vitiub's Armour Emporium.
  3863 | D:4      | Found Nofuikyp's Armour Boutique.
  4017 | D:5      | Entered Level 5 of the Dungeon
  4031 | D:5      | Noticed Duvessa
  4031 | D:5      | Noticed Dowan
  4034 | D:5      | Killed Dowan
  4035 | D:5      | Reached XP level 7. HP: 68/75 MP: 12/12
  4035 | D:5      | Noticed Menkaure
  4044 | D:5      | Slain by Duvessa

Illustrated notes

Levels and vault maps discovered:
D:1:      dpeg_arrival_radiant, layout_loops_cross
D:2:      layout_basic, uniq_jessica, uniq_crazy_yiuf_cottage
D:3:      layout_basic
D:4:      layout_basic, nicolae_uskayaw_en_pointe, nzn_wu_jian_council_hall,
          nicolae_wooded_promenade
D:5:      layout_cave_pods, ebering_ghost_sewer_d, chequers_jeans,
          minmay_manual_mess, uniq_duvessa, uniq_ijyb, uniq_menkaure

Skill      XL: |  1  2  3  4  5  6 |
---------------+-------------------+-----
Fire Magic     | 3 4 |  4.1
Spellcasting   | 2 3 |  3.8
Fighting       | 5 6 |  6.1
Polearms       | 4 |  4.6

Action                     |  1- 3 |  4- 6 |  7- 9 || total
---------------------------+-------+-------+-------++-------
  Melee: Spear             |   121 |   243 |     7 ||   371
         Punch             |       |     1 |       ||     1
 Invoke: Foxfire Swarm     |       |     3 |     1 ||     4
         Rising Flame      |       |     1 |       ||     1
         Fiery Armour      |       |     1 |       ||     1
    Use: Scroll            |       |     1 |       ||     1
         Potion            |       |       |     1 ||     1
   Stab: Sleeping          |       |     1 |       ||     1
 Armour: Robe              |    39 |    38 |       ||    77
  Dodge: Dodged            |    36 |   131 |     4 ||   171
